[Event "ICC tourney 3253 (40 10)"]
[Site "Internet Chess Club"]
[Date "2023.08.05"]
[Round "1"]
[White "HAO, RYAN:Ryan334"]
[Black "CUI, CHRIS:chriscui"]
[Result "0-1"]
[ICCResult "White checkmated"]
[WhiteElo "1609"]
[BlackElo "1386"]
[Opening "Three knights game"]
[ECO "C46"]
[NIC "KP.06"]
[Time "11:00:53"]
[PlyCount "92"]
[TimeControl "2400+10"]

1. e4 e5 2. Nf3 Nc6 3. Nc3 Bc5 4. Nxe5 Nxe5 5. d4 Bd6 6. dxe5 Bxe5 7. Bd3
Nf6 8. O-O h6 9. Bd2 O-O 10. f4 Bd4+ 11. Kh1 d6 12. Qe2 Re8 13. Rae1 Bg4 14.
Rf3 Bxf3 15. Qxf3 c6 16. Qg3 Qb6 17. Na4 Bf2 18. Nxb6 Bxg3 19. Nxa8 Bxe1 20.
Bxe1 Rxa8 21. Bb4 Re8 22. Bxd6 Nxe4 23. Bb4 Nf2+ 24. Kg1 Nxd3 25. cxd3 Rd8
26. Bc5 Rxd3 27. Bxa7 Rd2 28. b4 Rxa2 29. Bc5 f5 30. Kf1 Kf7 31. Kg1 Ke6 32.
g3 Rc2 33. h4 Rxc5 34. bxc5 Kd5 35. Kf2 Kxc5 36. Ke2 Kd4 37. Kd2 b5 38. Ke2
b4 39. Kd2 b3 40. Kd1 Kc3 41. Kc1 c5 42. Kb1 b2 43. h5 c4 44. g4 Kb3 45. g5
c3 46. gxh6 c2# {White checkmated} 0-1

[Event "ICC tourney 3253 (40 10)"]
[Site "Internet Chess Club"]
[Date "2023.08.05"]
[Round "1"]
[White "S.M, UMER:uncrackable"]
[Black "Lin, Owen:OLin23"]
[Result "1-0"]
[ICCResult "Black resigns"]
[WhiteElo "1826"]
[BlackElo "1508"]
[Opening "Queen's pawn"]
[ECO "A40"]
[NIC "QP.05"]
[Time "11:01:34"]
[PlyCount "97"]
[TimeControl "2400+10"]

1. d4 e6 2. Nf3 Nf6 3. Bf4 d5 4. e3 c5 5. Nbd2 Nc6 6. c3 Bd7 7. Bd3 Be7 8.
Ne5 O-O 9. h4 cxd4 10. exd4 Bd6 11. Nxf7 Rxf7 12. Bxd6 Be8 13. Bg3 Rf8 14.
Qe2 Qe7 15. O-O-O Nh5 16. Rde1 Bf7 17. Be5 Nxe5 18. Qxe5 Nf6 19. f3 Nd7 20.
Qxd5 Nb6 21. Qe4 Bg6 22. Qe2 Bxd3 23. Qxd3 Rae8 24. h5 h6 25. Re4 Nd5 26. g3
Nf6 27. Re5 Nd5 28. Rhe1 Qd7 29. Qe4 Nf6 30. Qe2 Qf7 31. g4 Nd5 32. Qe4 Nf4
33. Nc4 Qd7 34. Ra5 b6 35. Ne5 Qc7 36. Ra4 b5 37. Ra6 Rf6 38. Qc6 Qxc6 39.
Rxc6 Re7 40. Kd2 Kh7 41. Rc8 Ng2 42. Ng6 Rxg6 43. hxg6+ Kxg6 44. Re4 Kf7 45.
Rc5 Nh4 46. Ke2 Rb7 47. b4 Ng6 48. f4 Kf6 49. f5 {Black resigns} 1-0

[Event "ICC tourney 3253 (40 10)"]
[Site "Internet Chess Club"]
[Date "2023.08.05"]
[Round "1"]
[White "HONG, HUNTER:hunterhong"]
[Black "TANG, OWEN:OwenT477"]
[Result "1-0"]
[ICCResult "Black checkmated"]
[WhiteElo "1420"]
[BlackElo "1775"]
[Opening "French: advance, Paulsen attack"]
[ECO "C02"]
[NIC "FR.03"]
[Time "11:00:45"]
[PlyCount "63"]
[TimeControl "2400+10"]

1. e4 e6 2. d4 d5 3. e5 c5 4. c3 Nc6 5. Nf3 Qb6 6. a3 cxd4 7. cxd4 Nh6 8. b4
Nf5 9. Be3 Bd7 10. Nc3 Rc8 11. Bd3 Nxe3 12. fxe3 Nxb4 13. axb4 Bxb4 14. O-O
Bxc3 15. Rb1 Qc7 16. Ng5 h6 17. Nxf7 O-O 18. Qh5 Be8 19. Nxh6+ gxh6 20.
Rxf8+ Kxf8 21. Qxh6+ Qg7 22. Rf1+ Bf7 23. Qxe6 Rc6 24. Qxd5 Ke8 25. Qb5 Kd8
26. Qxb7 Rc7 27. Qb8+ Kd7 28. Bb5+ Rc6 29. Qd6+ Kc8 30. Qxc6+ Kb8 31. Qd6+
Kc8 32. Ba6# {Black checkmated} 1-0

[Event "ICC tourney 3253 (40 10)"]
[Site "Internet Chess Club"]
[Date "2023.08.05"]
[Round "1"]
[White "ZHANG, ARI:brass60Six"]
[Black "SULTAN, BASHIR Cisse:muzikmixer"]
[Result "0-1"]
[ICCResult "White resigns"]
[WhiteElo "1387"]
[BlackElo "1618"]
[Opening "Nimzo-Indian: 4.e3, Gligoric system with 7...dc"]
[ECO "E54"]
[NIC "NI.05"]
[Time "11:00:50"]
[PlyCount "74"]
[TimeControl "2400+10"]

1. d4 e6 2. c4 Bb4+ 3. Nc3 c5 4. e3 Nf6 5. Nf3 O-O 6. Bd3 d5 7. O-O dxc4 8.
Bxc4 Nc6 9. Bd3 Qe7 10. Qc2 cxd4 11. exd4 Rd8 12. Rd1 h6 13. Bf4 Bxc3 14.
bxc3 Nd5 15. Bg3 Qa3 16. Rac1 Bd7 17. Be4 Rac8 18. Bxd5 exd5 19. Ne5 Nxe5
20. Bxe5 Ba4 21. Qb1 Bxd1 22. Rxd1 b6 23. h3 Rxc3 24. Kh2 Qa4 25. Rd2 Qd7
26. Qb2 Rdc8 27. Bf4 Qf5 28. Be3 Rc2 29. Qb1 Qe4 30. f3 Qg6 31. Qb3 Rxd2 32.
Bxd2 Rc2 33. Qe3 Rxa2 34. Qe8+ Kh7 35. Qe1 Qc2 36. Kh1 Qxd2 37. Qb1+ g6
{White resigns}
0-1

[Event "ICC tourney 3253 (40 10)"]
[Site "Internet Chess Club"]
[Date "2023.08.05"]
[Round "1"]
[White "TAFALLA, GABRIEL:gabolito1223"]
[Black "STINSON, RUSSELL:rcstinson"]
[Result "1-0"]
[ICCResult "Black resigns"]
[WhiteElo "1893"]
[BlackElo "1573"]
[Opening "Sicilian defense"]
[ECO "B41"]
[NIC "SI.41"]
[Time "11:00:53"]
[PlyCount "95"]
[TimeControl "2400+10"]

1. e4 c5 2. Nf3 e6 3. d4 cxd4 4. Nxd4 Bc5 5. Nb3 Bb6 6. Nc3 Ne7 7. Qg4 O-O
8. Bg5 f5 9. Qh4 Nbc6 10. O-O-O fxe4 11. Nxe4 d5 12. Bd3 Rf7 13. Nd6 Qxd6
14. Qxh7+ Kf8 15. Qh8+ Ng8 16. Bh7 Ne7 17. Bxe7+ Kxe7 18. Bxg8 Bd7 19. Qh7
Rxf2 20. Qxg7+ Kd8 21. h4 Rc8 22. Bh7 e5 23. Kb1 Bf5 24. Qg5+ Qe7 25. Rxd5+
Bd7 26. Rhd1 Bd4 27. Qxe7+ Kxe7 28. Nxd4 exd4 29. R5xd4 Be6 30. Be4 Rh8 31.
Bxb7 Bf5 32. Re1+ Kf6 33. Rd6+ Kf7 34. Bd5+ Kg7 35. Rc6 Rxh4 36. a3 Rd4 37.
Bb3 Rxg2 38. Re7+ Kf8 39. Rf7+ Ke8 40. Rxf5 Rd1+ 41. Ka2 Rgg1 42. Bc4 a5 43.
Rxa5 Ra1+ 44. Kb3 Rg3+ 45. c3 Rg2 46. Rc7 Kd8 47. Rh7 Rxa3+ 48. Rxa3
{Black resigns}
1-0

[Event "ICC tourney 3253 (40 10)"]
[Site "Internet Chess Club"]
[Date "2023.08.05"]
[Round "1"]
[White "RAMKUMAR, NIKHIL:nikhilramkumar"]
[Black "SCHWETKE, DOUGLAS:Bilbo"]
[Result "1-0"]
[ICCResult "Black resigns"]
[WhiteElo "1799"]
[BlackElo "1500"]
[Opening "King's pawn opening"]
[ECO "B07"]
[NIC "VO.17"]
[Time "11:00:46"]
[PlyCount "107"]
[TimeControl "2400+10"]

1. e4 d6 2. Nf3 Nf6 3. Nc3 g6 4. Bc4 Nxe4 5. Bxf7+ Kxf7 6. Nxe4 Bg7 7. d4
Rf8 8. O-O Kg8 9. h3 Nc6 10. c3 Bf5 11. Ng3 Bd7 12. Be3 e5 13. dxe5 Nxe5 14.
Nxe5 Bxe5 15. Qd5+ Kh8 16. f4 Bg7 17. f5 Bc6 18. Qd3 Qh4 19. Kh2 Be5 20. Bd4
Bxd4 21. cxd4 gxf5 22. d5 Bd7 23. Nxf5 Bxf5 24. Rxf5 Rxf5 25. Qxf5 Rg8 26.
Qf3 Qd4 27. Re1 Qg7 28. Re6 Rf8 29. Qe4 Qf7 30. Qd4+ Kg8 31. Re4 Qf6 32.
Rg4+ Kh8 33. Qd2 Qe5+ 34. Kg1 Rf5 35. Rd4 Kg7 36. Rg4+ Kf7 37. Qh6 Qe1+ 38.
Kh2 Qe5+ 39. Rg3 Rh5 40. Qd2 Qxd5 41. Rf3+ Ke7 42. Re3+ Kd7 43. Qe2 Re5 44.
Qg4+ Kc6 45. Rc3+ Kb6 46. Rb3+ Kc6 47. Rc3+ Kb6 48. Qb4+ Qb5 49. Qd4+ Ka6
50. Ra3+ Qa5 51. Rxa5+ Rxa5 52. b4 Rxa2 53. Qc4+ Kb6 54. Qxa2 {Black
resigns} 1-0

[Event "ICC tourney 3253 (40 10)"]
[Site "Internet Chess Club"]
[Date "2023.08.05"]
[Round "1"]
[White "JAIN, ANKITA:AnkitaJ"]
[Black "DU, CALVIN:TheOrcaPro"]
[Result "0-1"]
[ICCResult "White forfeits on time"]
[WhiteElo "1542"]
[BlackElo "1886"]
[Opening "Nimzo-Indian: 4.e3 e8g8, 5.Nf3 d7d5"]
[ECO "E51"]
[NIC "NI.11"]
[Time "11:00:53"]
[PlyCount "118"]
[TimeControl "2400+10"]

1. d4 Nf6 2. c4 e6 3. Nc3 Bb4 4. e3 O-O 5. Nf3 d5 6. Be2 Bxc3+ 7. bxc3 b6 8.
O-O Ne4 9. Qc2 Bb7 10. Bd3 Nd7 11. Ne5 h6 12. cxd5 exd5 13. Bxe4 dxe4 14.
Nxd7 Qxd7 15. c4 f5 16. Bb2 f4 17. exf4 Rxf4 18. Rae1 Raf8 19. d5 c6 20.
Rxe4 cxd5 21. Rxf4 Rxf4 22. Rd1 Qf7 23. cxd5 Bxd5 24. Qd2 Bxa2 25. g3 Rf5
26. Qd8+ Qf8 27. Qc7 Rf7 28. Qc2 Be6 29. Qc6 Bg4 30. Rd2 Bf3 31. Qc3 Qe8 32.
Kf1 Qe6 33. Rd8+ Kh7 34. Qd3+ Qe4 35. Qd2 Qf5 36. Ba3 Qb5+ 37. Kg1 Qb1+ 38.
Qc1 Qxc1+ 39. Bxc1 Re7 40. Be3 Rc7 41. Rf8 Be4 42. Kf1 Bd3+ 43. Ke1 Bg6 44.
Ra8 Be4 45. Re8 Bc6 46. Rd8 Bb5 47. Rd5 Bc4 48. Rd8 Kg6 49. Bf4 Re7+ 50. Be3
Kf5 51. Kd2 Ke6 52. Kc3 Rc7 53. Kb2 Bd5 54. Re8+ Kd7 55. Re5 Kc6 56. Bf4 Rf7
57. Re8 a5 58. Rc8+ Kb5 59. Rb8 g5 {White forfeits on time} 0-1

[Event "ICC tourney 3253 (40 10)"]
[Site "Internet Chess Club"]
[Date "2023.08.05"]
[Round "2"]
[White "BOGIN, THEODORE:tbogin1"]
[Black "HONG, HUNTER:hunterhong"]
[Result "1-0"]
[ICCResult "Black resigns"]
[WhiteElo "1800"]
[BlackElo "1420"]
[Opening "Giuoco Piano"]
[ECO "C50"]
[NIC "IG.02"]
[Time "13:15:49"]
[PlyCount "111"]
[TimeControl "2400+10"]

1. e4 e5 2. Nf3 Nc6 3. Bc4 Bc5 4. O-O Nf6 5. d4 Bxd4 6. Nxd4 Nxd4 7. f4 d6
8. f5 O-O 9. Bg5 h6 10. Bh4 Bd7 11. c3 Nc6 12. Nd2 Nb8 13. Qb3 Bc6 14. Rae1
Nbd7 15. g4 Qe8 16. g5 hxg5 17. Bxg5 Nh7 18. Bh4 Ndf6 19. Rf3 b5 20. Bd3 Nh5
21. Qd1 Nf4 22. Bg3 Ng5 23. Rfe3 Ngh3+ 24. Kh1 Qe7 25. Bf1 Qg5 26. Bxh3 Nxh3
27. Qe2 Qxf5 28. Rf3 Qe6 29. Nf1 Ng5 30. Re3 d5 31. Nd2 dxe4 32. Qh5 Nf3 33.
Nxf3 exf3 34. Bf2 e4 35. Rxf3 e3 36. Rxe3 Bxf3+ 37. Qxf3 Qxa2 38. Qe2 Qd5+
39. Kg1 Qg5+ 40. Rg3 Qc1+ 41. Kg2 a6 42. Bd4 f6 43. Qe6+ Rf7 44. Bxf6 Qd2+
45. Kh1 Qd1+ 46. Kg2 Kf8 47. Bxg7+ Rxg7 48. Qf6+ Ke8 49. Rxg7 Qe2+ 50. Kg3
Qe3+ 51. Kg4 Qg1+ 52. Kh3 Qe3+ 53. Rg3 Qe7 54. Rg8+ Kd7 55. Qxe7+ Kxe7 56.
Rxa8 {Black resigns} 1-0

[Event "ICC tourney 3253 (40 10)"]
[Site "Internet Chess Club"]
[Date "2023.08.05"]
[Round "2"]
[White "STINSON, RUSSELL:rcstinson"]
[Black "SCHWETKE, DOUGLAS:Bilbo"]
[Result "1-0"]
[ICCResult "Black resigns"]
[WhiteElo "1573"]
[BlackElo "1500"]
[Opening "Pirc defense"]
[ECO "B07"]
[NIC "PU.07"]
[Time "13:15:25"]
[PlyCount "101"]
[TimeControl "2400+10"]

1. e4 d6 2. d4 Nf6 3. Nc3 g6 4. Be3 b6 5. f3 c5 6. d5 Nbd7 7. Qd2 Bb7 8.
O-O-O a6 9. Nh3 b5 10. Nf2 b4 11. Ne2 Qa5 12. Kb1 c4 13. a3 c3 14. axb4 Qxb4
15. Qxc3 a5 16. Qxb4 axb4 17. Rd4 b3 18. cxb3 Bg7 19. Rb4 Ba6 20. Bd4 O-O
21. Nf4 Bxf1 22. Rxf1 Nc5 23. N2d3 Nxd3 24. Nxd3 Rfb8 25. Rxb8+ Rxb8 26. b4
Ne8 27. Bxg7 Kxg7 28. Rc1 h5 29. Kc2 Nc7 30. Kb3 Nb5 31. Nf2 e5 32. Rc4 Kf6
33. Nd1 Nd4+ 34. Ka2 Kg5 35. Rc7 Kf6 36. Rd7 Rxb4 37. Rxd6+ Kg5 38. Nc3 h4
39. Rd8 h3 40. gxh3 Nxf3 41. d6 Nd2 42. Ka3 Rc4 43. d7 Nxe4 44. Nxe4+ Rxe4
45. Rh8 Rd4 46. d8=Q+ Rxd8 47. Rxd8 f5 48. b4 e4 49. b5 e3 50. b6 e2 51. Re8
{Black resigns}
1-0

[Event "ICC tourney 3253 (40 10)"]
[Site "Internet Chess Club"]
[Date "2023.08.05"]
[Round "2"]
[White "CUI, CHRIS:chriscui"]
[Black "S.M, UMER:uncrackable"]
[Result "0-1"]
[ICCResult "White checkmated"]
[WhiteElo "1386"]
[BlackElo "1826"]
[Opening "Sicilian: Anderssen variation"]
[ECO "B41"]
[NIC "SI.41"]
[Time "13:15:25"]
[PlyCount "106"]
[TimeControl "2400+10"]

1. e4 c5 2. Nf3 e6 3. d4 cxd4 4. Nxd4 Nf6 5. Nc3 Nc6 6. a3 Be7 7. Be3 Qc7 8.
Be2 a6 9. O-O O-O 10. f4 d6 11. Bf3 Nxd4 12. Bxd4 e5 13. Be3 b5 14. Rc1 Bb7
15. Qe2 Rfe8 16. f5 d5 17. Nxd5 Bxd5 18. exd5 e4 19. Bg4 Nxd5 20. Bd2 e3 21.
Be1 Bf6 22. Bg3 Be5 23. Bxe5 Qxe5 24. b3 Nc3 25. Qe1 Rad8 26. Be2 Rd2 27.
Bd3 Qd5 28. Rf3 Qd4 29. g3 Rd1 30. Rxd1 Nxd1 31. Be2 Nc3 32. Rf1 Qd2 33. Bd3
Kf8 34. Qc1 Rd8 35. Re1 Rxd3 36. cxd3 Ne2+ 37. Rxe2 Qxc1+ 38. Kg2 Qxa3 39.
Rxe3 Qxb3 40. g4 a5 41. g5 Qd5+ 42. Kg3 Qxf5 43. h4 a4 44. Rf3 Qe5+ 45. Kg4
a3 46. Rf2 Qd4+ 47. Rf4 Qxd3 48. h5 a2 49. h6 a1=Q 50. hxg7+ Kxg7 51. Rf3
Qg1+ 52. Kf4 Qdd4+ 53. Kf5 Qgg4# {White checkmated} 0-1

[Event "ICC tourney 3253 (40 10)"]
[Site "Internet Chess Club"]
[Date "2023.08.05"]
[Round "2"]
[White "Hamlett, James Morrison:Hamlett144"]
[Black "JAIN, ANKITA:AnkitaJ"]
[Result "0-1"]
[ICCResult "White resigns"]
[WhiteElo "1400"]
[BlackElo "1542"]
[Opening "French: exchange variation"]
[ECO "C01"]
[NIC "FR.01"]
[Time "13:15:41"]
[PlyCount "110"]
[TimeControl "2400+10"]

1. e4 e6 2. d4 d5 3. exd5 exd5 4. Bd3 Bd6 5. Nf3 Nf6 6. O-O O-O 7. b3 Bg4 8.
h3 Bh5 9. Nbd2 Nbd7 10. Bb2 c6 11. c4 Rc8 12. c5 Bb8 13. a4 Qc7 14. Qc2 Rfe8
15. Rfe1 Rcd8 16. Ne5 Bg6 17. Nxg6 hxg6 18. Nf3 Nf8 19. Ne5 N6d7 20. f4 Nxe5
21. dxe5 Ne6 22. Qf2 Qd7 23. Re3 Nxc5 24. Bc2 Bc7 25. Rf3 Ne6 26. f5 Bb6 27.
Re3 Bxe3 28. Qxe3 gxf5 29. Bxf5 d4 30. Qg3 Qe7 31. Bc1 Rd5 32. Bh6 g6 33.
Rf1 Ng7 34. Be4 Rxe5 35. Bd3 Kh7 36. Bf4 Nh5 37. Qh2 Re1 38. Bd2 Rxf1+ 39.
Kxf1 Qf6+ 40. Kg1 Qh4 41. g4 Qg3+ 42. Qxg3 Nxg3 43. Kg2 Ne4 44. Bf4 Nc5 45.
Bc4 Kg7 46. h4 Ne4 47. h5 gxh5 48. gxh5 a6 49. h6+ Kg6 50. Bd3 f5 51. b4 Ng5
52. h7 Nxh7 53. Bc7 Nf6 54. Bb6 Nh5 55. b5 Nf4+ {White resigns} 0-1

[Event "ICC tourney 3253 (40 10)"]
[Site "Internet Chess Club"]
[Date "2023.08.05"]
[Round "2"]
[White "Lin, Owen:OLin23"]
[Black "HAO, RYAN:Ryan334"]
[Result "0-1"]
[ICCResult "White resigns"]
[WhiteElo "1508"]
[BlackElo "1609"]
[Opening "Four knights game"]
[ECO "C47"]
[NIC "VG.04"]
[Time "13:15:27"]
[PlyCount "131"]
[TimeControl "2400+10"]

1. e4 e5 2. Nc3 Nf6 3. Nf3 Nc6 4. g3 d6 5. Bg2 Bg4 6. h3 Bh5 7. d3 Be7 8.
Be3 O-O 9. Qd2 Qd7 10. Nh4 Rad8 11. O-O Rfe8 12. Nf5 Bg6 13. Nh4 Qc8 14. f4
exf4 15. Bxf4 Nh5 16. Nxg6 hxg6 17. Nd5 Nxf4 18. Qxf4 Rf8 19. b4 Qd7 20. c3
a6 21. h4 Na7 22. Kh2 c6 23. Bh3 f5 24. Nxe7+ Qxe7 25. exf5 Qe2+ 26. Qf2
Qxf2+ 27. Rxf2 Nb5 28. Rc1 Rf6 29. a4 Nc7 30. Rcf1 Rdf8 31. c4 d5 32. Kg2
dxc4 33. dxc4 Rd6 34. fxg6 Rxf2+ 35. Rxf2 Rxg6 36. a5 Ne8 37. c5 Nf6 38. Re2
Nd5 39. Be6+ Kf8 40. Bxd5 cxd5 41. Rd2 Rg4 42. Rf2+ Ke7 43. Rf4 Rg6 44. Rd4
Ke6 45. Kf3 Ke5 46. Rf4 Ke6 47. g4 Ke7 48. Rd4 Rf6+ 49. Rf4 Rg6 50. g5 Re6
51. Rd4 Re5 52. Kf4 Ke6 53. b5 axb5 54. c6 bxc6 55. a6 Rf5+ 56. Kg4 Rf8 57.
h5 c5 58. Rf4 Ra8 59. h6 gxh6 60. gxh6 b4 61. h7 Rh8 62. a7 c4 63. Kg5 Ra8
64. Kg6 b3 65. Kg7 Rxa7+ 66. Kh6 {White resigns} 0-1

[Event "ICC tourney 3253 (40 10)"]
[Site "Internet Chess Club"]
[Date "2023.08.05"]
[Round "2"]
[White "Malhotra, Rehaan:MrRap"]
[Black "RAMKUMAR, NIKHIL:nikhilramkumar"]
[Result "1-0"]
[ICCResult "Black resigns"]
[WhiteElo "1372"]
[BlackElo "1799"]
[Opening "Caro-Kann: classical variation"]
[ECO "B18"]
[NIC "CK.10"]
[Time "13:15:28"]
[PlyCount "117"]
[TimeControl "2400+10"]

1. e4 c6 2. d4 d5 3. Nc3 dxe4 4. Nxe4 Bf5 5. Ng3 Bg6 6. c3 e6 7. Bd3 Bxd3 8.
Qxd3 Nf6 9. Nf3 Bd6 10. Bg5 Nbd7 11. Ne4 Be7 12. Nxf6+ Nxf6 13. h3 h6 14.
Bf4 Nd5 15. Be5 Bf6 16. O-O Qe7 17. a3 Rd8 18. Qc2 O-O 19. Rfe1 Bxe5 20.
Nxe5 Nf4 21. Qe4 Qg5 22. Kh2 f6 23. Nc4 Rfe8 24. Rad1 h5 25. g3 Ng6 26. h4
Qh6 27. Na5 Rd7 28. Nb3 f5 29. Qf3 Nf8 30. Nc5 Rf7 31. Nd3 Nd7 32. Nf4 Nf6
33. Kg1 Ng4 34. Re2 Rf6 35. Rde1 Kf7 36. Nh3 Qg6 37. Ng5+ Kf8 38. Qf4 Nh6
39. Qd6+ Kg8 40. Rxe6 Rexe6 41. Rxe6 Rxe6 42. Qxe6+ Qxe6 43. Nxe6 Kf7 44.
Nd8+ Ke7 45. Nxb7 f4 46. Nc5 Nf5 47. Kg2 fxg3 48. fxg3 Ne3+ 49. Kf3 Nd5 50.
Ke4 g6 51. c4 Nb6 52. b3 Kd6 53. Kf4 Ke7 54. Kg5 Kf7 55. Nd3 a5 56. Ne5+ Kg7
57. Nxc6 a4 58. bxa4 Nxc4 59. a5 {Black resigns} 1-0

[Event "ICC tourney 3253 (40 10)"]
[Site "Internet Chess Club"]
[Date "2023.08.05"]
[Round "2"]
[White "SULTAN, BASHIR Cisse:muzikmixer"]
[Black "TAFALLA, GABRIEL:gabolito1223"]
[Result "1-0"]
[ICCResult "Black checkmated"]
[WhiteElo "1618"]
[BlackElo "1893"]
[Opening "English: four knights, 4.e3"]
[ECO "A28"]
[NIC "EO.06"]
[Time "13:15:28"]
[PlyCount "105"]
[TimeControl "2400+10"]

1. c4 e5 2. Nc3 Nf6 3. Nf3 Nc6 4. e3 h6 5. a3 e4 6. Ng1 a5 7. f3 exf3 8.
Nxf3 Be7 9. d4 d5 10. cxd5 Nxd5 11. e4 Nxc3 12. bxc3 Bg4 13. Bc4 Bh4+ 14. g3
Bg5 15. Bxf7+ Kxf7 16. Nxg5+ Qxg5 17. Qb3+ Be6 18. Qxe6+ Kxe6 19. Bxg5 hxg5
20. d5+ Ke5 21. dxc6 bxc6 22. O-O Rhf8 23. Rad1 Kxe4 24. Rfe1+ Kf3 25. Rd7
Rae8 26. Rf1+ Ke2 27. Rxf8 Rxf8 28. Rxc7 Rf6 29. Rxg7 Rf5 30. Kg2 Kd3 31. h4
gxh4 32. gxh4 Kxc3 33. Rg5 Rf4 34. Kg3 Ra4 35. h5 Rxa3 36. h6 Kd4+ 37. Kh2
Re3 38. h7 Re2+ 39. Rg2 Re8 40. Rg8 Re2+ 41. Kg1 Re1+ 42. Kf2 Rh1 43. h8=Q+
Rxh8 44. Rxh8 Kc4 45. Ke2 a4 46. Kd2 Kb3 47. Rb8+ Ka2 48. Kc2 a3 49. Rc8 Ka1
50. Rxc6 a2 51. Kb3 Kb1 52. Rh6 a1=Q 53. Rh1# {Black checkmated} 1-0

[Event "ICC tourney 3253 (40 10)"]
[Site "Internet Chess Club"]
[Date "2023.08.05"]
[Round "2"]
[White "TANG, OWEN:OwenT477"]
[Black "WU, DARREN:chessboy111"]
[Result "1/2-1/2"]
[ICCResult "Game drawn because neither player has mating material"]
[WhiteElo "1775"]
[BlackElo "1369"]
[Opening "Caro-Kann: Steinitz variation"]
[ECO "B17"]
[NIC "CK.08"]
[Time "13:15:33"]
[PlyCount "171"]
[TimeControl "2400+10"]

1. e4 c6 2. d4 d5 3. Nc3 dxe4 4. Nxe4 Nd7 5. Nf3 Ngf6 6. Nxf6+ Nxf6 7. Bc4
Bf5 8. O-O e6 9. Re1 Bd6 10. Bg5 Be7 11. c3 O-O 12. Ne5 Nd5 13. Bxe7 Qxe7
14. Qf3 Rfd8 15. Rad1 Nf6 16. Nxc6 bxc6 17. Qxf5 Qb7 18. Qc2 Rab8 19. Re2
Qc7 20. Red2 Qf4 21. h3 h6 22. Bb3 Rd7 23. Re2 Nd5 24. Re4 Qf6 25. Rde1 Rdb7
26. Qc1 a5 27. R1e2 Rc7 28. Rg4 Nb6 29. a3 c5 30. dxc5 Rxc5 31. Rge4 Nd5 32.
Bxd5 Rxd5 33. Qf4 Qxf4 34. Rxf4 Rd1+ 35. Kh2 Rb1 36. Ra4 R8xb2 37. Rxb2 Rxb2
38. Rxa5 Rc2 39. Ra8+ Kh7 40. Rc8 Ra2 41. Ra8 Rc2 42. a4 Rxc3 43. a5 Ra3 44.
a6 f6 45. f3 e5 46. Kg3 Ra4 47. a7 f5 48. h4 g6 49. Kf2 f4 50. Ke2 Ra2+ 51.
Kd3 Ra4 52. Kc3 h5 53. Kb3 Ra1 54. Kb4 Kg7 55. Kc5 Ra2 56. Kd6 Ra5 57. Kc6
Ra1 58. Kb6 Rb1+ 59. Kc7 Ra1 60. Kd6 Ra5 61. Ke6 Ra1 62. Kxe5 Ra4 63. Ke6
Ra1 64. Rd8 Rxa7 65. Rd7+ Rxd7 66. Kxd7 Kf6 67. Kd6 Kf5 68. Kd5 Kf6 69. Ke4
g5 70. Kd4 gxh4 71. Ke4 Kg5 72. Ke5 h3 73. gxh3 Kh4 74. Kxf4 Kxh3 75. Kg5
Kg3 76. f4 h4 77. f5 h3 78. f6 h2 79. f7 h1=Q 80. f8=Q Qh4+ 81. Kg6 Qg4+ 82.
Kh7 Qh4+ 83. Kg8 Qg4+ 84. Kf7 Qf4+ 85. Ke8 Qxf8+ 86. Kxf8
{Game drawn because neither player has mating material}
1/2-1/2

[Event "ICC tourney 3253 (40 10)"]
[Site "Internet Chess Club"]
[Date "2023.08.05"]
[Round "3"]
[White "JAIN, ANKITA:AnkitaJ"]
[Black "CUI, CHRIS:chriscui"]
[Result "1-0"]
[ICCResult "Black checkmated"]
[WhiteElo "1542"]
[BlackElo "1386"]
[Opening "King's Indian: 6.Be2"]
[ECO "E91"]
[NIC "KI.19"]
[Time "15:31:44"]
[PlyCount "49"]
[TimeControl "2400+10"]

1. d4 Nf6 2. c4 g6 3. Nc3 Bg7 4. e4 d6 5. Nf3 O-O 6. Be2 c5 7. d5 Nbd7 8.
Bf4 Qb6 9. Qc2 Nh5 10. Bg3 Nxg3 11. hxg3 Ne5 12. Nxe5 Bxe5 13. f4 Bd4 14.
O-O-O Bf2 15. Qd3 f5 16. Rh4 Kg7 17. Rdh1 Rh8 18. Qf3 Bd4 19. exf5 Bxf5 20.
g4 Bd7 21. Qe4 Qd8 22. Bd3 Qf8 23. Rxh7+ Rxh7 24. Qxg6+ Kh8 25. Qxh7#
{Black checkmated}
1-0

[Event "ICC tourney 3253 (40 10)"]
[Site "Internet Chess Club"]
[Date "2023.08.05"]
[Round "3"]
[White "SCHWETKE, DOUGLAS:Bilbo"]
[Black "Hamlett, James Morrison:Hamlett144"]
[Result "1/2-1/2"]
[ICCResult "Game drawn by repetition"]
[WhiteElo "1500"]
[BlackElo "1400"]
[Opening "Catalan: closed"]
[ECO "E01"]
[NIC "CA.01"]
[Time "15:33:01"]
[PlyCount "96"]
[TimeControl "2400+10"]

1. d4 Nf6 2. c4 e6 3. g3 d5 4. Bg2 c6 5. Nf3 Nbd7 6. Nc3 Qc7 7. O-O Be7 8.
Bf4 Qb6 9. Qc2 Nh5 10. c5 Qd8 11. b4 Nxf4 12. gxf4 h5 13. Ne5 h4 14. Bh3
Nxe5 15. fxe5 Rh6 16. Kh1 a5 17. a3 b6 18. Na4 bxc5 19. bxc5 Ba6 20. Rg1 g5
21. Nb6 Rb8 22. Qa4 Rxb6 23. cxb6 Qxb6 24. Rab1 Bb5 25. Qc2 Qxd4 26. e3 Qxe5
27. a4 Bc4 28. Rb6 c5 29. Qb1 Be2 30. Rb8+ Bd8 31. Qb6 Qf6 32. Qc6+ Ke7 33.
Qxc5+ Ke8 34. Qc6+ Ke7 35. Rb7+ Kf8 36. Qd6+ Kg8 37. Rb8 Bf3+ 38. Bg2 Bxg2+
39. Rxg2 Qf3 40. Rxd8+ Kg7 41. Qe5+ f6 42. Qxe6 Qd1+ 43. Rg1 Qf3+ 44. Rg2
Qd1+ 45. Rg1 Qf3+ 46. Rg2 Qd1+ 47. Rg1 Qf3+ 48. Rg2 Qd1+
{Game drawn by repetition}
1/2-1/2

[Event "ICC tourney 3253 (40 10)"]
[Site "Internet Chess Club"]
[Date "2023.08.05"]
[Round "3"]
[White "RAMKUMAR, NIKHIL:nikhilramkumar"]
[Black "HONG, HUNTER:hunterhong"]
[Result "0-1"]
[ICCResult "White checkmated"]
[WhiteElo "1799"]
[BlackElo "1420"]
[Opening "Ruy Lopez: Caro variation"]
[ECO "C70"]
[NIC "RL.09"]
[Time "15:31:53"]
[PlyCount "132"]
[TimeControl "2400+10"]

1. e4 e5 2. Nf3 Nc6 3. Bb5 a6 4. Ba4 b5 5. Bb3 Nf6 6. O-O Bc5 7. c3 d6 8. d4
exd4 9. cxd4 Bb6 10. Re1 Rf8 11. Nc3 Bg4 12. e5 dxe5 13. d5 Ne7 14. Rxe5 Qd6
15. Bf4 O-O-O 16. Ne4 Nxe4 17. Rxe4 Qd7 18. Qc2 Bxf3 19. gxf3 f5 20. Re6 Rf6
21. Rae1 Nxd5 22. Rxf6 gxf6 23. Be3 Nxe3 24. fxe3 Qg7+ 25. Kf2 f4 26. Qf5+
Kb8 27. Qxf4 Rd2+ 28. Re2 Rxe2+ 29. Kxe2 Qg2+ 30. Kd3 Qxb2 31. Qb4 c5 32.
Qf4+ Bc7 33. Qe4 c4+ 34. Bxc4 Qb1+ 35. Kd4 Qxe4+ 36. fxe4 bxc4 37. Kxc4 Bxh2
38. Kc5 Bg1 39. Kd5 Bxe3 40. e5 fxe5 41. Kxe5 h5 42. Kf5 h4 43. Ke4 h3 44.
Kf3 h2 45. Kg2 Bg1 46. Kh1 Kb7 47. Kg2 Kb6 48. Kh1 Kb5 49. Kg2 Kb4 50. Kh1
Ka3 51. Kg2 Kxa2 52. Kh1 Kb2 53. Kg2 a5 54. Kh1 a4 55. Kg2 a3 56. Kh1 a2 57.
Kg2 a1=Q 58. Kh1 Bf2+ 59. Kg2 h1=Q+ 60. Kxf2 Qh2+ 61. Kf3 Qa3+ 62. Ke4 Qh4+
63. Kf5 Qa5+ 64. Kg6 Qhg5+ 65. Kh7 Qa7+ 66. Kh8 Qag7# {White checkmated} 0-1

[Event "ICC tourney 3253 (40 10)"]
[Site "Internet Chess Club"]
[Date "2023.08.05"]
[Round "3"]
[White "HAO, RYAN:Ryan334"]
[Black "ZHANG, ARI:brass60Six"]
[Result "0-1"]
[ICCResult "White checkmated"]
[WhiteElo "1609"]
[BlackElo "1387"]
[Opening "Caro-Kann: exchange, Rubinstein variation"]
[ECO "B13"]
[NIC "CK.02"]
[Time "15:31:48"]
[PlyCount "114"]
[TimeControl "2400+10"]

1. e4 c6 2. d4 d5 3. exd5 cxd5 4. Bd3 Nc6 5. c3 Nf6 6. Bf4 Bg4 7. Qb3 Qc8 8.
Nd2 e6 9. Ngf3 Bh5 10. O-O Be7 11. Rae1 O-O 12. Qc2 Bg6 13. Bxg6 hxg6 14.
Ne5 Nxd4 15. Qd3 Nc6 16. Ndf3 Nh5 17. Nxc6 bxc6 18. Bd2 c5 19. c4 d4 20. Ne5
Qe8 21. h3 Bd6 22. Qa3 Qe7 23. Nc6 Qc7 24. Na5 Nf6 25. Nb3 e5 26. Ba5 Qc6
27. Nd2 e4 28. Re2 Rfe8 29. Rfe1 d3 30. Re3 Bf4 31. Bc3 Bxe3 32. Rxe3 Nh5
33. b3 Nf4 34. Ba1 f6 35. Kh2 Ne2 36. Qb2 Nd4 37. Rg3 Kf7 38. Qb1 Ne2 39.
Re3 f5 40. Qb2 Qf6 41. Qxf6+ gxf6 42. Bb2 Re6 43. f3 Rae8 44. fxe4 fxe4 45.
g3 f5 46. h4 Nd4 47. Bxd4 cxd4 48. Re1 e3 49. Nf3 d2 50. Rg1 d3 51. Nd4 e2
52. Nxe6 Rxe6 53. Kh3 e1=Q 54. Rxe1 dxe1=Q 55. Kg2 Qe2+ 56. Kg1 d2 57. Kh1
d1=Q# {White checkmated} 0-1